 Dungeon Crawl Stone Soup version 0.30-a0-1008-g30c9307041 (webtiles) character file.

Game seed: 15200357722182906157

14 Everlong the Chiller (level 2, -11/19 HPs)
             Began as a Human Ice Elementalist on Apr 5, 2023.
             Mangled by a gnoll
             ... wielding a +0 halberd
              (16 damage)
             ... on level 2 of the Dungeon.
             The game lasted 00:03:29 (186 turns).

Everlong the Chiller (Human Ice Elementalist)        Turns: 186, Time: 00:03:29

Health: -11/19     AC:  2    Str:  8    XL:     2   Next: 60%
Magic:  5/5        EV: 12    Int: 15    God:
Gold:   23         SH:  0    Dex: 13    Spells: 4/5 levels left

rFire   . . .      SeeInvis .    c - +1 hand axe (drain)
rCold   . . .      Faith    .    (no shield)
rNeg    . . .      Spirit   .    a - +0 robe
rPois   .          Reflect  .    (no helmet)
rElec   .          Rampage  .    (no cloak)
rCorr   .                        (no gloves)
Will    .....                    (no boots)
Stlth   ++                       (no amulet)
HPRegen 0.23/turn                (no ring)
MPRegen 0.09/turn                (no ring)

@: no status effects
A: no striking features
a: no special abilities


You were on level 2 of the Dungeon.
You visited 1 branch of the dungeon, and saw 2 of its levels.

You collected 23 gold pieces.

Inventory:

Hand Weapons
 c - a +1 hand axe of draining (weapon)
Missiles
 e - 6 stones
Armour
 a - a +0 robe (worn)
Potions
 b - a potion of magic
 d - a potion of curing {unknown}


   Skills:
 + Level 0.2 Fighting
 + Level 2.0 Dodging
 + Level 2.1 Stealth
 + Level 2.0 Spellcasting
 + Level 4.4 Ice Magic


You had 4 spell levels left.
You knew the following spells:

 Your Spells              Type           Power      Damage    Failure   Level
a - Freeze                Ice            56%        1d7       3%          1

Your spell library contained the following spells:

 Spells                   Type           Power      Damage    Failure   Level
 Frozen Ramparts          Ice            28%        1d5       11%         3
 Ozocubu's Armour         Ice            14%        N/A       11%         3
 Summon Ice Beast         Ice/Summ       8%         N/A       65%         4


Dungeon Overview and Level Annotations

Branches:
Dungeon (2/15)

Altars:


Message History

You see here 6 stones.
e - 6 stones A frilled lizard comes into view.
The frilled lizard hisses angrily.
You miss the frilled lizard. The frilled lizard closely misses you.
You hit the frilled lizard.
You kill the frilled lizard!
You see here a frilled lizard corpse.
Found a glowing leather armour.
A gnoll comes into view. It is wielding a +0 flail.
The gnoll shouts!
You hear a shout!
A giant cockroach comes into view.
The gnoll barely misses you.
You see here a +0 leather armour of cold resistance.
You hit the gnoll.
The gnoll is moderately wounded.
The gnoll closely misses you.
A gnoll comes into view. It is wielding a +0 halberd.
The gnoll shouts!
You hit the gnoll. You drain the gnoll.
You kill the gnoll!
You hear a shout!
The gnoll throws a stone.
The stone barely misses you.
You have reached level 2!
Unknown command.
Unknown command.
A gnoll comes into view. It is wielding a +0 halberd.
The gnoll throws a stone.
The stone hits you.
You see here a +0 leather armour of cold resistance.
The giant cockroach bites you but does no damage.
Things that are here:
a +0 flail; a gnoll corpse You hit the giant cockroach.
You kill the giant cockroach!
The gnoll hits you from afar with a +0 halberd!
Ouch! That really hurt!
* * * LOW HITPOINT WARNING * * *
The gnoll hits you with a +0 halberd!
Ouch! That really hurt!
You die...

.....# .....#
....## ....#
..#.#####
........#########
###.###.#.......#
# ###.#
#.#†#####.###.#
....#
#.#.##...)@gg.##.
#####
#......##[#......#
###.#####........#
#.# #...#..... #..
....#.#..# ####
###..# . .# ... .
. .... .. #####


You could see 2 gnolls.

Vanquished Creatures
  A gnoll (D:2)
  A giant cockroach (D:2)
  A ball python (D:1)
  A bat (D:1)
  2 frilled lizards (D:2)
  A rat (D:1)
7 creatures vanquished.

Notes
Turn   | Place    | Note
-------+----------+-------------------------------------------
     0 | D:1      | Everlong the Human Ice Elementalist began the quest for the
                  | Orb.
     0 | D:1      | Reached XP level 1. HP: 13/13 MP: 3/3
   124 | D:2      | Identified the +0 sling of Untruth {flame, Dex+3}
   182 | D:2      | Reached XP level 2. HP: 19/19 MP: 5/5
   186 | D:2      | Mangled by a gnoll

Illustrated notes

Levels and vault maps discovered:
D:1:      kilobyte_arrival_exit_the_forest, layout_basic, minmay_tromino_v4_b
D:2:      layout_loops_cross, basic_altar

Action                     || total
---------------------------++-------
  Melee: Hand axe          ||    10
   Cast: Freeze            ||     2
   Stab: Sleeping          ||     1
 Armour: Robe              ||     1
  Dodge: Dodged            ||     7

Table legend: (Time is in decaauts)
 A = Elapsed time spent in this place.
 B = Non-inter-level travel time spent in this place.
 C = Inter-level travel time spent in this place.
 D = Time resting spent in this place.
 E = Time spent auto-exploring this place.
 F = Levels seen in this place.
 G = Mean time per level.
                   A        B        C        D        E       F      G
               +--------+--------+--------+--------+--------+-----+--------+
         Total |    189 |     68 |    121 |      0 |      0 |   2 |   94.5 |
       Dungeon |    189 |     68 |    121 |      0 |      0 |   2 |   94.5 |
               +--------+--------+--------+--------+--------+-----+--------+

Top non-repeatable levels by time:
     D:1: 113 daAuts
     D:2: 75 daAuts
